 Dungeon Crawl Stone Soup version 0.29.1-13-g9f3cf754e1 (webtiles) character file.

Game seed: 72916772711850961

2440 H0rd4k the Magician (level 9, -21/58 HPs)
             Began as an Octopode Artificer on Feb 3, 2023.
             Was an Initiate of Gozag.
             Killed by an exploding themself (34 damage)
             ... ignited by their inner flame
             ... on level 8 of the Dungeon.
             The game lasted 00:12:37 (10017 turns).

H0rd4k the Magician (Octopode Artificer)           Turns: 10017, Time: 00:12:37

Health: -21/58     AC:  1    Str: 12    XL:     9   Next: 49%
Magic:  15/20      EV: 13    Int: 23    God:    Gozag
Gold:   396        SH:  0    Dex: 12    Spells: 12/23 levels left

rFire   . . .      SeeInvis .     - Unarmed
rCold   + . .      Faith    .   (no shield)
rNeg    . . .      Spirit   .   (helmet restricted)
rPois   .          Reflect  .   (no amulet)
rElec   .          Harm     .   h - +6 ring of intelligence
rCorr   .          Rampage  .   t - ring of protection from cold
Will    .....                   (no ring)
Stlth   +++.......              (no ring)
HPRegen 0.19/turn               (no ring)
MPRegen 0.17/turn               (no ring)
                                (no ring)
                                (no ring)

@: gold aura
A: almost no armour, amphibious, 8 rings, camouflage 1, gelatinous body 1,
(nimble swimmer 1), tentacles
a: Renounce Religion, Potion Petition, Call Merchant, Bribe Branch


You were on level 8 of the Dungeon.
You worshipped Gozag.
Gozag was aware of your devotion.
You visited 2 branches of the dungeon, and saw 9 of its levels.
You also visited: Sewer.

You collected 575 gold pieces.
You paid 179 gold pieces to Gozag.

Inventory:

Missiles
 j - 32 poisoned darts
Magical Staves
 g - a staff of death
Jewellery
 h - a +6 ring of intelligence (left tentacle)
 t - a ring of protection from cold (right tentacle)
Wands
 c - a wand of charming (18)
 d - a wand of iceblast (3)
 i - a wand of roots (13)
Scrolls
 a - a scroll of enchant armour {unknown}
 f - 2 scrolls of amnesia {unknown}
 k - 2 scrolls of identify {unknown}
 l - a scroll of blinking {unknown}
 n - a scroll of poison {unknown}
 q - a scroll of immolation {unknown}
 s - 2 scrolls of enchant weapon {unknown}
 v - 2 scrolls of noise {unknown}
 w - 4 scrolls of butterflies {unknown}
 y - a scroll of magic mapping {unknown}
 B - a scroll of silence {unknown}
 C - 2 scrolls of torment {unknown}
 D - a scroll of fear {unknown}
Potions
 e - a potion of brilliance {unknown}
 m - 2 potions of haste
 o - 7 potions of heal wounds {unknown}
 p - 2 potions of might {unknown}
 r - a potion of cancellation {unknown}
 u - 2 potions of degeneration {unknown}
 x - a potion of invisibility {unknown}
 z - a potion of flight {unknown}
 A - a potion of attraction {unknown}


   Skills:
 + Level 3.9 Fighting
 - Level 2.3 Dodging
 - Level 1.3 Stealth
 - Level 3.0 Unarmed Combat
 * Level 7.8 Spellcasting
 + Level 0.7 Hexes
 + Level 6.8 Summonings
 * Level 1.8 Air Magic
 - Level 3.2 Evocations


You had 12 spell levels left.
You knew the following spells:

 Your Spells              Type           Power      Damage    Failure   Level
a - Summon Small Mammal   Summ           100%       N/A       1%          1
b - Call Canine Familiar  Summ           40%        N/A       1%          3
c - Summon Guardian Gole  Hex/Summ       26%        N/A       4%          3
d - Summon Lightning Spi  Summ/Air       29%        N/A       12%         4

Your spell library contained the following spells:

 Spells                   Type           Power      Damage    Failure   Level
 Airstrike                Air            8%         2d(2-18)  32%         4
 Lightning Bolt           Conj/Air       6%         1d18      80%         5
 Malign Gateway           Summ/Tloc      12%        N/A       100%        7
 Summon Horrible Things   Summ           20%        N/A       100%        8


Dungeon Overview and Level Annotations

Branches:
Dungeon (8/15)             Temple (1/1) D:7            Lair (0/5) D:8
  Sewer (visited)

Altars:
Ashenzari
Cheibriados
Elyvilon
Fedhas
Gozag
Hepliaklqana
Makhleb
Nemelex Xobeh
Okawaru
Sif Muna
Uskayaw
Xom
Zin
The Shining One

Shops:
D:6 *

Annotations:
D:3 exclusion: downstairs
D:4 2 transporters, exclusion: downstairs, Dowan, Duvessa
D:7 1 runed translucent door, exclusion: door, Crazy Yiuf


Innate Abilities, Weirdness & Mutations

You cannot wear most types of armour.
You are amphibious.
You can wear up to eight rings at the same time.
Your skin changes colour to match your surroundings (Stealth+).
Your rubbery body absorbs attacks. (AC +1, EV +1)
((You are camouflaged when in or above water. (Stealth+)))
You have tentacles for arms and can constrict up to eight enemies at once.


Message History

You feel very sick.
Your wolf bites the water moccasin!
Your quokka bites the bush but does no damage.
The water moccasin bites the bush.
The water moccasin closely misses you.
Your guardian golem is engulfed in blazing flames.
Flame seeps out of your guardian golem.
Your wolf bites the water moccasin.
Your quokka bites the bush but does no damage.
You tentacle-slap the water moccasin.
The water moccasin is almost dead.
You constrict the water moccasin.
You feel very sick.
The water moccasin bites the bush but does no damage.
The water moccasin bites you!
* * * LOW HITPOINT WARNING * * *
Your wolf closely misses the water moccasin.
Your guardian golem is engulfed in blazing flames.
Flame seeps out of your guardian golem.
Your quokka bites the bush but does no damage.
The water moccasin bites the bush but does no damage.
The water moccasin bites you!
* * * LOW HITPOINT WARNING * * *
You are more poisoned.
The water moccasin poisons you!
Your wolf closely misses the water moccasin.
You feel better.
You constrict the water moccasin.
You kill the water moccasin!
Your guardian golem is engulfed in blazing flames.
Your guardian golem disappears in a puff of smoke!
Your guardian golem explodes!
The fiery explosion engulfs your wolf!!
The fiery explosion engulfs the bush!!!
The bush is on fire!
The fiery explosion engulfs the water moccasin!!!
The water moccasin dies!
The fiery explosion engulfs your quokka!!
Your quokka dies!
Your quokka's corpse disappears in a puff of smoke!
The fiery explosion engulfs you!!
Ouch! That really hurt!
You die...
Your body crumbles into a pile of gold.

..# #. #># ...
#.####### ...##
##.......# ..P..#
#...####.#
.P....##.#....#.#
.....h§#...##.#<#
.....P°#.#.##.#.#
.....§§@.#......#
..♣...$.#####.###
>P$.....# #.#
...♣.P.P# #.#
♣P....P.# #.#
..P....## #.#
...♣..♣ ..#
P..P.. .## .


You could see a friendly wolf (summoned, sheltered).

Vanquished Creatures
  A wyvern (D:8)
  A water moccasin (D:8)
  2 ice beasts (D:6)
  A centaur (D:6)
  2 bullfrogs
  2 kobold brigands
  A gnoll sergeant (D:7)
  3 scorpions
  2 orc wizards
  2 iguanas
  Terence (D:3)
  3 gnolls
  6 adders
  A river rat (D:3)
  2 shadow imps
  A white imp (D:7)
  An ufetubus (D:4)
  2 dart slugs
  4 orcs
  9 ball pythons
  2 endoplasms
  6 giant cockroaches
  13 goblins
  7 hobgoblins
  2 jackals (D:2)
  4 quokkas
  5 bats
  4 frilled lizards
  16 kobolds
  4 rats
110 creatures vanquished.

Vanquished Creatures (collateral kills)
  A basilisk (D:8)
  A water moccasin (D:7)
  A black bear (D:8)
  A wolf (D:8)
  A bullfrog (D:7)
  2 scorpions (D:6)
  A jelly (D:7)
  An orc priest (D:5)
  An orc wizard (D:6)
  2 iguanas
  2 gnolls (D:5)
  An adder (D:5)
  A shadow imp (D:6)
  A white imp (D:7)
  An ufetubus (D:5)
  A worm (D:5)
  4 orcs
  A quokka (D:5)
  A goblin (D:4)
  12 kobolds
37 creatures vanquished.

Vanquished Creatures (others)
  4 water moccasins
  An ogre (D:5)
  A scorpion (D:5)
  Robin (D:4)
  2 gnolls
  An orc (D:7)
  A bush (D:8)
  2 fungi (D:8)
  9 plants
22 creatures vanquished.

Grand Total: 169 creatures vanquished

Notes
Turn   | Place    | Note
-------+----------+-------------------------------------------
     0 | D:1      | H0rd4k the Octopode Artificer began the quest for the Orb.
     0 | D:1      | Reached XP level 1. HP: 13/13 MP: 1/1
   620 | D:1      | Found a faded altar of an unknown god.
   671 | D:2      | Reached XP level 2. HP: 12/18 MP: 1/3
   674 | D:2      | Reached skill level 1 in Spellcasting
  1133 | D:2      | Reached XP level 3. HP: 12/24 MP: 3/5
  1563 | D:2      | Reached skill level 1 in Unarmed Combat
  1924 | D:3      | Found a glowing drain.
  1940 | D:3      | Reached XP level 4. HP: 14/30 MP: 6/6
  2138 | Sewer    | Entered a sewer
  2155 | Sewer    | Noticed a kobold brigand
  2250 | Sewer    | Reached skill level 2 in Spellcasting
  2442 | Sewer    | Killed a kobold brigand
  2443 | Sewer    | Reached XP level 5. HP: 28/35 MP: 8/8
  3026 | D:3      | Noticed Terence
  3046 | D:3      | Your ally Terence died
  3291 | D:3      | Learned a level 1 spell: Summon Small Mammal
  3295 | D:3      | Learned a level 3 spell: Call Canine Familiar
  3299 | D:3      | Learned a level 3 spell: Summon Guardian Golem
  3610 | D:4      | Noticed Robin
  3636 | D:5      | Entered Level 5 of the Dungeon
  3880 | D:5      | Reached skill level 1 in Summonings
  3880 | D:5      | Reached XP level 6. HP: 10/42 MP: 8/10
  4300 | D:5      | Reached skill level 3 in Spellcasting
  4603 | D:4      | Found a transporter.
  4604 | D:4      | Noticed a kobold demonologist
  4716 | D:4      | Noticed Duvessa
  4889 | D:4      | Killed Robin
  5105 | D:4      | Found a transporter.
  5153 | D:4      | Found a snail-covered altar of Cheibriados.
  5308 | D:4      | Noticed Dowan
  5840 | D:5      | Reached XP level 7. HP: 33/46 MP: 12/12
  6318 | D:5      | Reached skill level 4 in Spellcasting
  7303 | D:6      | Reached XP level 8. HP: 41/54 MP: 7/15
  7469 | D:6      | Reached skill level 5 in Spellcasting
  7511 | D:6      | Found Iropeeps's General Store.
  7590 | D:6      | Found a broken altar of Ashenzari.
  7889 | D:6      | Found a shimmering blue altar of Sif Muna.
  8138 | D:7      | Reached skill level 5 in Summonings
  8334 | D:7      | Found a glowing silver altar of Zin.
  8474 | D:7      | Reached skill level 6 in Spellcasting
  9030 | D:7      | Found a runed translucent door.
  9031 | D:7      | Noticed Crazy Yiuf
  9078 | D:7      | Learned a level 4 spell: Summon Lightning Spire
  9106 | D:7      | Reached XP level 9. HP: 53/58 MP: 12/19
  9137 | D:7      | Reached skill level 1 in Air Magic
  9249 | D:7      | Found a sparkling altar of Nemelex Xobeh.
  9429 | D:7      | Found a staircase to the Ecumenical Temple.
  9464 | Temple   | Entered the Ecumenical Temple
  9597 | Temple   | Became a worshipper of Gozag Ym Sagoz the Greedy
  9724 | D:7      | Found a glowing golden altar of the Shining One.
  9837 | D:8      | Reached skill level 7 in Spellcasting
 10005 | D:8      | Found a staircase to the Lair.
 10017 | D:8      | Killed by an exploding themself... ignited by their inner
                  | flame

Illustrated notes

Levels and vault maps discovered:
D:1:      spicycebolla_green_bress_n_ham, layout_loops_cross,
          basic_ecumenical_altar
D:2:      layout_rooms
D:3:      layout_rooms, portal_sewer_entry_c, uniq_terence
D:4:      gammafunk_wand_slinger, layout_loops_ring, amcnicky_altar_gilded,
          uniq_duvessa, uniq_robin
D:5:      layout_basic, kennysheep_dice
D:6:      layout_loops_ring, lemuel_crystal_altar, evilmike_ruin_ashenzari,
          serial_shops, nicolae_shop_stone
D:7:      layout_basic, general_overflow_altar, nicolae_tso_swordbearing_angel,
          nicolae_overflow_hidden_temple, minmay_temple_entry_mist,
          roderic_lattice_a, uniq_crazy_yiuf_cottage
D:8:      minmay_distorted_concentric_squares, layout_loops_cross,
          mainiacjoe_overflow_tiny_flanked, minmay_lair_entry_grove,
          nicolae_concentric_dashed_squares_mild
Temple:   nicolae_temple_ecumenical_triangle

Skill      XL: |  1  2  3  4  5  6  7  8  9 |
---------------+----------------------------+-----
Spellcasting   | 1 2 3 4 6 7 |  7.8
Fighting       | 2 3 |  3.9
Unarmed Combat | 1 2 3 |  3.0
Summonings     | 1 2 4 6 |  6.8
Air Magic      | 1 |  1.8
Dodging        | |  2.3
Stealth        | |  1.3
Hexes          | |  0.7
Evocations     | |  3.2

Action                   |  1- 3 |  4- 6 |  7- 9 || total
-------------------------+-------+-------+-------++-------
Melee: Unarmed           |    72 |   148 |    90 ||   310
       Constrict         |    22 |    41 |    22 ||    85
       Tentacles         |    20 |    31 |    26 ||    77
       Punch             |       |     1 |     4 ||     5
 Cast: Summon Small Mamm |       |    18 |    63 ||    81
       Call Canine Famil |       |     3 |    37 ||    40
       Summon Guardian G |       |       |     7 ||     7
Evoke: Wand              |       |    24 |     3 ||    27
  Use: Potion            |       |     2 |     1 ||     3
 Stab: Sleeping          |     4 |     7 |       ||    11
       Distracted        |       |     1 |     1 ||     2
Armor: Skin              |     5 |     6 |     6 ||    17
Dodge: Dodged            |    54 |   110 |    55 ||   219
